 Dungeon Crawl Stone Soup version 0.18-a0-995-gd892ad2 (webtiles) character file.

130 Tyryt0 the Charlatan (level 4, 0/32 HPs)
             Began as a Mummy Artificer on Jan 5, 2016.
             Slain by Nanaerr the naga
             ... wielding a +1 scimitar of slicing
             ... created by the player character
              (3 damage)
             ... on level 3 of the Dungeon.
             The game lasted 00:07:23 (3434 turns).

Tyryt0 the Charlatan (Mummy Artificer)              Turns: 3434, Time: 00:07:23

Health: 0/32       AC:  4    Str: 13 (14) XL:     4   Next: 89%
Magic:  6/6        EV:  9    Int: 11      God:
Gold:   123        SH:  0    Dex: 13      Spells: 0 memorised, 3 levels left

rFire  x . .     SeeInvis .     a - +1 whip (flame)
rCold  + . .     Gourm    .     b - +0 leather armour
rNeg   + + +     Faith    .     (no shield)
rPois  ∞         Spirit   .     (no helmet)
rElec  .         Dismiss  .     (no cloak)
rCorr  .         Reflect  .     m - +0 pair of gloves
SustAt .         Harm     .     (no boots)
MR     .....                    (no amulet)
Stlth  +.........               (no ring)
                                (no ring)

@: constricted, not resistant to hostile enchantments, very unstealthy
A: no food or potions, fire vulnerability, cold resistance 1, negative energy
resistance 3, torment resistance, unbreathing
a: no special abilities


You were on level 3 of the Dungeon.
You were not hungry.

You visited 1 branch of the dungeon, and saw 3 of its levels.

You collected 123 gold pieces.

Inventory:

Hand Weapons
 a - a +1 whip of flaming (weapon)
 j - a +0 club
 p - a +0 short sword
Armour
 b - a +0 leather armour (worn)
 m - a +0 pair of gloves (worn)
Wands
 c - a wand of flame (15/48)
 d - a wand of enslavement (12/24)
 e - a wand of random effects (15/48)
Scrolls
 f - 2 scrolls of teleportation {unknown}
 g - a scroll of immolation {unknown}
 h - 4 scrolls of identify {unknown}
 i - 2 scrolls of magic mapping {unknown}
 k - 4 scrolls of enchant weapon {unknown}
 l - a scroll of remove curse {unknown}
 n - a scroll of blinking {unknown}
 q - a scroll of recharging {unknown}
Miscellaneous
 o - a plain deck of wonders {drawn: 2}


   Skills:
 * Level 1.2 Fighting
 - Level 0.7 Short Blades
 * Level 0.7 Maces & Flails
 * Level 1.8 Armour
 * Level 2.6 Dodging
 - Level 0.7 Stealth
 * Level 3.2 Evocations


You had 3 spell levels left.
You didn't know any spells.

Dungeon Overview and Level Annotations

Branches:
Dungeon (3/15)

Altars:
Kikubaaqudgha
Nemelex Xobeh
Okawaru
Trog


Innate Abilities, Weirdness & Mutations

You do not eat or drink.
Your flesh is vulnerable to fire.
You are immune to poison.
Your flesh is cold resistant.
You are immune to negative energy.
You are immune to unholy pain and torment.
You can survive without breathing.


Message History

The splash of poison misses you.
You hit the orc. You burn the orc.
You kill the orc!
The worm barely misses you.
You see here a dagger.
You barely miss the worm. You hit the worm. You burn the worm.
The worm is lightly wounded.
Nanaerr barely misses you. x2
The worm barely misses you.
You hit the worm. You burn the worm.
The worm is moderately wounded.
Nanaerr barely misses you. Nanaerr grabs you.
* * * LOW HITPOINT WARNING * * *
Nanaerr constricts you. The worm bites you.
* * * LOW HITPOINT WARNING * * *
You hit the worm. You burn the worm.
The worm is moderately wounded.
Nanaerr closely misses you.
You die...

...................(
..............####.
########.#..........####.
.........................
######..........o......#####
#......................# #
#.####...b......o......# #
#.#..o.!#'#w#..........#
#.#†###N#o#@######...<.#
#.#o#b.)#N#N# #.....#
#._..<..#.#b### #.....#
#.......#..o..# #.....#
#.......###...# ####.## ##
##...#### ##..# #.# #.
......# ##[# ####.#####.
.......# #.## #..........
#.......# #..# #..........


You could see Nanaerr the naga, a worm, an orc and a bat.

Vanquished Creatures
  An orc wizard (D:3)
  3 adders (D:2)
  2 giant geckos (D:2)
  7 orcs (D:3)
  2 ball pythons
  11 bats
  3 giant cockroaches
  4 goblins
  6 hobgoblins
  7 jackals
  7 kobolds
  4 giant newts
  6 rats
63 creatures vanquished.

Notes
Turn   | Place    | Note
--------------------------------------------------------------
     0 | D:1      | Tyryt0 the Mummy Artificer began the quest for the Orb.
     0 | D:1      | Reached XP level 1. HP: 15/15 MP: 2/2
   243 | D:1      | Reached XP level 2. HP: 18/21 MP: 4/4
   644 | D:1      | Reached skill level 3 in Evocations
  1024 | D:2      | Reached XP level 3. HP: 12/26 MP: 5/5
  1238 | D:2      | Found a bloodstained altar of Trog.
  1297 | D:2      | Reached skill level 1 in Armour
  1774 | D:2      | Found an iron altar of Okawaru.
  1790 | D:2      | Reached XP level 4. HP: 11/32 MP: 6/6
  2360 | D:3      | Found a sparkling altar of Nemelex Xobeh.
  2391 | D:3      | Noticed Nanaerr
  3095 | D:3      | Found an ancient bone altar of Kikubaaqudgha.
  3434 | D:3      | Slain by Nanaerr the naga

Vault maps used:
D:1:      dpeg_arrival_three_bigger_balls
D:2:      lemuel_doored_altar, okawaru_ov_weapons_minmay, serial_aquarium,
          aquarium_bridge_long_joined, aquarium_window_1, aquarium_window_1,
          aquarium_window_corridor_2, aquarium_window_2, aquarium_view_2d,
          aquarium_pool_four
D:3:      zin_angel, nemelex_deck, nicolae_overflow_crystal_walls,
          marbit_many_paths

Action                   |  1- 3 |  4- 6 || total
-------------------------+-------+-------++-------
Melee: Short sword       |   177 |    84 ||   261
       Whip              |       |    52 ||    52
Evoke: Wand              |       |     3 ||     3
       Deck              |       |     2 ||     2
